TOP OF THE 1ST |
Los Angeles Dodgers batting - Pitching for Atlanta Braves : RHP Dick Drago
|
Pitching: RHP Dick Drago
|
|
Batting: RHB Billy Sample
|
0-0: Called Strike 0-1: SINGLE (Groundball, 6S, EV 71.9 MPH) (infield hit)
|
Batting: RHB Carney Lansford
|
0-0: Ball 1-0: Called Strike 1-1: Ball Billy Sample steals 2nd base 2-1: Ground out 4-3 (Groundball, 4, EV 83.1 MPH) Billy Sample to third
|
Batting: RHB Jerry Keller
|
0-0: Ball 1-0: Foul Ball, location: 2F 1-1: Called Strike 1-2: Foul Ball, location: 2F 1-2: SINGLE (Groundball, 6D, EV 111.3 MPH) Billy Sample scores
|
Batting: RHB Dick Davis
|
0-0: Ball 1-0: Called Strike 1-1: Fly out, F8 (Flyball, 8RS, EV 91.3 MPH)
|
Batting: SHB Spike Owen
|
0-0: Ground out 5-3 (Groundball, 56S, EV 67.5 MPH)
|
Top of the 1st over - 1 run, 2 hits, 0 errors, 1 left on base; Los Angeles 1 - Atlanta 0 |
BOTTOM OF THE 1ST |
Atlanta Braves batting - Pitching for Los Angeles Dodgers : RHP David Garcia
|
Pitching: RHP David Garcia
|
|
Batting: SHB UL Washington
|
0-0: Ball 1-0: Foul Ball, location: 2F 1-1: SINGLE (Groundball, 4MD, EV 106.3 MPH)
|
Batting: LHB Joe L Morgan
|
0-0: Called Strike UL Washington steals 2nd base (no throw) 0-1: SINGLE (Groundball, 34S, EV 91.9 MPH) (infield hit) UL Washington to third
|
Batting: SHB Tony Fernandez
|
0-0: Called Strike 0-1: Foul Ball, location: 2F 0-2: Ball 1-2: SINGLE (Groundball, 56D, EV 105.0 MPH) UL Washington scores Joe L Morgan to second
|
Batting: LHB Karl Pagel
|
0-0: Ball 1-0: Foul Ball, location: 2F 1-1: Fielders Choice at 2nd, 1-6 (Groundball, 34S, EV 66.3 MPH) Joe L Morgan to third
|
Batting: LHB Mike Scioscia
|
0-0: Ball 1-0: Ball 2-0: Ball 3-0: Base on Balls Karl Pagel to second
|
Batting: RHB Craig Kusick
|
0-0: Swinging Strike 0-1: Ball 1-1: Called Strike 1-2: Ball 2-2: Ball 3-2: Base on Balls Joe L Morgan scores Karl Pagel to third Mike Scioscia to second
|
Batting: LHB Mike Hargrove
|
0-0: SINGLE (Groundball, 4D, EV 106.9 MPH) Karl Pagel scores Mike Scioscia to third Craig Kusick to second Runner from 3rd tries for Home, SAFE, throw by CF to home
|
Batting: LHB Bobby Murcer
|
0-0: Called Strike 0-1: Grounds into double play, 4-6-3 (Groundball, 4, EV 88.8 MPH)
|
Bottom of the 1st over - 4 runs, 4 hits, 0 errors, 1 left on base; Los Angeles 1 - Atlanta 4 |
TOP OF THE 2ND |
Los Angeles Dodgers batting - Pitching for Atlanta Braves : RHP Dick Drago
|
Batting: SHB Chris W Smith
|
0-0: Ball 1-0: Ball 2-0: Foul Ball, location: 2F 2-1: Ground out 6-3 (Groundball, 6S, EV 70.6 MPH)
|
Batting: RHB Toby Harrah
|
0-0: Ball 1-0: Ball 2-0: Fly out, F5 (Popup, 5SF, EV 68.8 MPH)
|
Batting: RHB Thomas Franklin
|
0-0: Ball 1-0: Fly out, F8 (Flyball, 8LD, EV 87.5 MPH)
|
Top of the 2nd over - 0 runs, 0 hits, 0 errors, 0 left on base; Los Angeles 1 - Atlanta 4 |
BOTTOM OF THE 2ND |
Atlanta Braves batting - Pitching for Los Angeles Dodgers : RHP David Garcia
|
Batting: RHB Dick Drago
|
0-0: Ball 1-0: Called Strike 1-1: Ball 2-1: Foul Ball, location: 2F 2-2: Foul Ball, location: 2F 2-2: Ball 3-2: Ground out 6-3 (Groundball, 6M, EV 86.9 MPH)
|
Batting: SHB UL Washington
|
0-0: Swinging Strike 0-1: Ground out 4-3 (Groundball, 4, EV 79.4 MPH)
|
Batting: LHB Joe L Morgan
|
0-0: Ball 1-0: Foul Ball, location: 2F 1-1: Fly out, F8 (Flyball, 8RM, EV 86.3 MPH)
|
Bottom of the 2nd over - 0 runs, 0 hits, 0 errors, 0 left on base; Los Angeles 1 - Atlanta 4 |
TOP OF THE 3RD |
Los Angeles Dodgers batting - Pitching for Atlanta Braves : RHP Dick Drago
|
Batting: SHB David Garcia
|
0-0: Called Strike 0-1: Ball 1-1: Ball 2-1: Ball 3-1: Foul Ball, location: 2F 3-2: Strikes out swinging
|
Batting: RHB Billy Sample
|
0-0: Called Strike 0-1: Called Strike 0-2: Reached on error, E6 (Groundball, 6, EV 82.5 MPH)
|
Batting: RHB Carney Lansford
|
0-0: Foul Ball, location: 2F 0-1: Foul Ball, location: 2F 0-2: Ball 1-2: Ball 2-2: SINGLE (Groundball, 25, EV 67.5 MPH) (infield hit) Billy Sample to second
|
Batting: RHB Jerry Keller
|
0-0: Ball Billy Sample steals 3rd base Carney Lansford to second 1-0: Ball 2-0: Swinging Strike 2-1: Fly out, F9 (Flyball, 89XD, EV 101.3 MPH) Runner from 3rd tags up, SCORES, no throw by RF Carney Lansford to third
|
Batting: RHB Dick Davis
|
0-0: Called Strike 0-1: Foul Ball, location: 2F 0-2: Strikes out swinging
|
Top of the 3rd over - 1 run, 1 hit, 1 error, 1 left on base; Los Angeles 2 - Atlanta 4 |
BOTTOM OF THE 3RD |
Atlanta Braves batting - Pitching for Los Angeles Dodgers : RHP David Garcia
|
Batting: SHB Tony Fernandez
|
0-0: Called Strike 0-1: Fly out, F9 (Line Drive, 9D, EV 90.0 MPH)
|
Batting: LHB Karl Pagel
|
0-0: Called Strike 0-1: Ball 1-1: Swinging Strike 1-2: Ball 2-2: Foul Ball, location: 2F 2-2: Ball 3-2: Base on Balls
|
Batting: LHB Mike Scioscia
|
0-0: Fly out, F8 (Flyball, 8RD, EV 93.1 MPH)
|
Batting: RHB Craig Kusick
|
0-0: Called Strike 0-1: Ball 1-1: Ball 2-1: Foul Ball, location: 2F 2-2: Foul Ball, location: 2F 2-2: Ball 3-2: Fly out, F6 (Popup, 6D, EV 53.8 MPH)
|
Bottom of the 3rd over - 0 runs, 0 hits, 0 errors, 1 left on base; Los Angeles 2 - Atlanta 4 |
TOP OF THE 4TH |
Los Angeles Dodgers batting - Pitching for Atlanta Braves : RHP Dick Drago
|
Batting: SHB Spike Owen
|
0-0: Foul Ball, location: 2F 0-1: Foul Ball, location: 2F 0-2: Ball 1-2: Foul Ball, location: 2F 1-2: Fly out, F8 (Flyball, 8LM, EV 76.9 MPH)
|
Batting: SHB Chris W Smith
|
0-0: Swinging Strike 0-1: Ball 1-1: Swinging Strike 1-2: Foul Ball, location: 2F 1-2: Ball 2-2: Fly out, F2 (Popup, 2LF, EV 93.1 MPH)
|
Batting: RHB Toby Harrah
|
0-0: Ball 1-0: Called Strike 1-1: Foul Ball, location: 2F 1-2: Ground out 1-3 (Groundball, 13, EV 70.6 MPH)
|
Top of the 4th over - 0 runs, 0 hits, 0 errors, 0 left on base; Los Angeles 2 - Atlanta 4 |
BOTTOM OF THE 4TH |
Atlanta Braves batting - Pitching for Los Angeles Dodgers : RHP David Garcia
|
Batting: LHB Mike Hargrove
|
0-0: Called Strike 0-1: Called Strike 0-2: Strikes out swinging
|
Batting: LHB Bobby Murcer
|
0-0: Ball 1-0: Ball 2-0: Ground out 6-3 (Groundball, 6MD, EV 101.3 MPH)
|
Batting: RHB Dick Drago
|
0-0: Ball 1-0: Ball 2-0: Foul Ball, location: 2F 2-1: Foul Ball, location: 2F 2-2: Foul Ball, location: 2F 2-2: Ball 3-2: Strikes out looking
|
Bottom of the 4th over - 0 runs, 0 hits, 0 errors, 0 left on base; Los Angeles 2 - Atlanta 4 |
TOP OF THE 5TH |
Los Angeles Dodgers batting - Pitching for Atlanta Braves : RHP Dick Drago
|
Batting: RHB Thomas Franklin
|
0-0: Ball 1-0: Ball 2-0: Called Strike 2-1: Ball 3-1: Base on Balls
|
Batting: SHB David Garcia
|
0-0: Bunted foul 0-1: Bunted foul 0-2: Bunted foul, Strikeout!
|
Batting: RHB Billy Sample
|
0-0: Ball 1-0: Ball 2-0: Foul Ball, location: 2F 2-1: Fly out, F9 (Flyball, 89S, EV 93.1 MPH)
|
Batting: RHB Carney Lansford
|
0-0: Called Strike 0-1: Ball 1-1: Fly out, F3 (Popup, 3S, EV 68.8 MPH)
|
Top of the 5th over - 0 runs, 0 hits, 0 errors, 1 left on base; Los Angeles 2 - Atlanta 4 |
BOTTOM OF THE 5TH |
Atlanta Braves batting - Pitching for Los Angeles Dodgers : RHP David Garcia
|
Batting: SHB UL Washington
|
0-0: Ball 1-0: Ball 2-0: Called Strike 2-1: Called Strike 2-2: SINGLE (Groundball, 4MD, EV 103.8 MPH)
|
Batting: LHB Joe L Morgan
|
0-0: Ball 1-0: Bunted foul 1-1: Sac Bunt to P - play at first, batter OUT! 1-4 UL Washington to second
|
Batting: SHB Tony Fernandez
|
0-0: Ball 1-0: Ground out 4-3 (Groundball, 4, EV 86.9 MPH) UL Washington to third
|
Batting: LHB Karl Pagel
|
0-0: Called Strike 0-1: Foul Ball, location: 2F 0-2: Foul Ball, location: 2F 0-2: Fly out, F7 (Flyball, 7, EV 78.1 MPH)
|
Bottom of the 5th over - 0 runs, 1 hit, 0 errors, 1 left on base; Los Angeles 2 - Atlanta 4 |
TOP OF THE 6TH |
Los Angeles Dodgers batting - Pitching for Atlanta Braves : RHP Dick Drago
|
Batting: RHB Jerry Keller
|
0-0: Foul Ball, location: 2F 0-1: Ball 1-1: Called Strike 1-2: Ball 2-2: Foul Ball, location: 2F 2-2: Ball 3-2: Foul Ball, location: 2F 3-2: Foul Ball, location: 2F 3-2: Ground out 1-3 (Groundball, 13S, EV 72.5 MPH)
|
Batting: RHB Dick Davis
|
0-0: Ball 1-0: Ball 2-0: Called Strike 2-1: Fly out, F8 (Flyball, 8LD, EV 81.9 MPH)
|
Batting: SHB Spike Owen
|
0-0: Ball 1-0: Foul Ball, location: 2F 1-1: Swinging Strike 1-2: Fly out, F7 (Flyball, 7, EV 74.4 MPH)
|
Top of the 6th over - 0 runs, 0 hits, 0 errors, 0 left on base; Los Angeles 2 - Atlanta 4 |
BOTTOM OF THE 6TH |
Atlanta Braves batting - Pitching for Los Angeles Dodgers : RHP David Garcia
|
Batting: LHB Mike Scioscia
|
0-0: SINGLE (Line Drive, 7LS, EV 89.4 MPH)
|
|
|
Batting: RHB Craig Kusick
|
0-0: Called Strike 0-1: Called Strike Mike Scioscia steals 2nd base 0-2: Ball 1-2: Foul Ball, location: 2F 1-2: Foul Ball, location: 2F 1-2: Ball 2-2: Foul Ball, location: 2F 2-2: Foul Ball, location: 2F 2-2: Ball 3-2: Foul Ball, location: 2F 3-2: Fly out, F8 (Flyball, 8RD, EV 83.8 MPH)
|
Batting: LHB Mike Hargrove
|
0-0: Ball 1-0: Ground out 3-1 (Groundball, 34S, EV 71.9 MPH) Mike Scioscia to third
|
Batting: LHB Bobby Murcer
|
0-0: Intentional Walk
|
Pinch Hitting: RHB Gil Flores
|
0-0: Ball 1-0: Swinging Strike 1-1: Ball 2-1: Foul Ball, location: 2F 2-2: Ball 3-2: Base on Balls Bobby Murcer to second
|
Pitching: LHP Rod Scurry
|
|
Now at SS: Damaso Garcia
|
|
Batting: SHB UL Washington
|
0-0: Ground out 4-3 (Groundball, 4, EV 85.0 MPH)
|
Bottom of the 6th over - 0 runs, 1 hit, 0 errors, 3 left on base; Los Angeles 2 - Atlanta 4 |
TOP OF THE 7TH |
Los Angeles Dodgers batting - Pitching for Atlanta Braves : RHP Dick Drago
|
Pitching: RHP Charlie Lea
|
|
Batting: SHB Chris W Smith
|
0-0: Swinging Strike 0-1: DOUBLE (Flyball, 8LXD, EV 102.5 MPH)
|
Batting: RHB Toby Harrah
|
0-0: Ball 1-0: Fly out, F8 (Flyball, 8RD, EV 103.1 MPH)
|
Batting: RHB Thomas Franklin
|
0-0: Ball 1-0: Foul Ball, location: 2F 1-1: Ball 2-1: Foul Ball, location: 2F 2-2: Ball 3-2: SINGLE (Groundball, 4MD, EV 108.8 MPH) Chris W Smith to third Runner from 3rd tries for Home, SAFE, throw by CF to home Thomas Franklin to second
|
Pinch Hitting: LHB Ronald Jackson
|
0-0: Ground out 6-3 (Groundball, 56D, EV 107.5 MPH)
|
Batting: RHB Billy Sample
|
0-0: Foul Ball, location: 2F 0-1: Ball 1-1: Swinging Strike 1-2: Fly out, F2 (Popup, 5SF, EV 79.4 MPH)
|
Top of the 7th over - 1 run, 2 hits, 0 errors, 1 left on base; Los Angeles 3 - Atlanta 4 |
BOTTOM OF THE 7TH |
Atlanta Braves batting - Pitching for Los Angeles Dodgers : LHP Rod Scurry
|
Now at SS: Mike Shelton
|
|
Batting: LHB Joe L Morgan
|
0-0: Foul Ball, location: 2F 0-1: Ball 1-1: Ball 2-1: Ball 3-1: Swinging Strike 3-2: Foul Ball, location: 2F 3-2: Foul Ball, location: 2F 3-2: Base on Balls
|
Batting: SHB Tony Fernandez
|
0-0: Called Strike 0-1: Called Strike 0-2: Ball 1-2: Ball 2-2: Strikes out swinging
|
Batting: LHB Karl Pagel
|
0-0: Ball 1-0: Ball 2-0: Ball 3-0: Called Strike 3-1: Base on Balls Joe L Morgan to second
|
Batting: LHB Mike Scioscia
|
0-0: Called Strike 0-1: Ball Karl Pagel steals 2nd base Joe L Morgan steals 3rd base 1-1: Foul Ball, location: 2F 1-2: Ball 2-2: SINGLE (Groundball, 6, EV 86.9 MPH) (infield hit) Joe L Morgan scores Karl Pagel to third
|
Batting: RHB Craig Kusick
|
0-0: Called Strike 0-1: Foul Ball, location: 2F 0-2: Ball 1-2: Strikes out looking
|
Batting: LHB Mike Hargrove
|
0-0: Swinging Strike 0-1: Ball 1-1: Ball 2-1: Reached on error, E4 (Groundball, 34, EV 108.1 MPH) Karl Pagel scores Mike Scioscia to second
|
Batting: LHB Bobby Murcer
|
0-0: SINGLE (Line Drive, 8RS, EV 93.1 MPH) Mike Scioscia to third Mike Hargrove to second Runner from 3rd tries for Home, SAFE, throw by CF to home
|
Pinch Hitting: RHB John Freitas
|
0-0: Ball 1-0: Ball 2-0: Ball 3-0: Base on Balls Mike Hargrove to third Bobby Murcer to second
|
Pitching: RHP Chuck Porter
|
|
Batting: SHB UL Washington
|
0-0: Ball 1-0: Swinging Strike 1-1: Ball 2-1: Ball 3-1: Foul Ball, location: 2F 3-2: Foul Ball, location: 2F 3-2: Ground out 4-3 (Groundball, 4, EV 75.6 MPH)
|
Bottom of the 7th over - 3 runs, 2 hits, 1 error, 3 left on base; Los Angeles 3 - Atlanta 7 |
TOP OF THE 8TH |
Los Angeles Dodgers batting - Pitching for Atlanta Braves : RHP Charlie Lea
|
Pitching: LHP Scott McGregor
|
|
Batting: RHB Carney Lansford
|
0-0: Ball 1-0: Foul Ball, location: 2F 1-1: SINGLE (Line Drive, 78S, EV 106.3 MPH)
|
Batting: RHB Jerry Keller
|
0-0: Foul Ball, location: 2F 0-1: Called Strike 0-2: Ball 1-2: Foul Ball, location: 2F 1-2: Ball 2-2: Strikes out swinging
|
Batting: RHB Dick Davis
|
0-0: Swinging Strike 0-1: Ball 1-1: Foul Ball, location: 2F 1-2: Fly out, F7 (Line Drive, 7, EV 95.0 MPH)
|
Pinch Hitting: LHB Darren Daulton
|
0-0: Ball 1-0: Ball 2-0: Foul Ball, location: 2F 2-1: Foul Ball, location: 2F 2-2: Foul Ball, location: 2F 2-2: Fly out, F8 (Flyball, 78M, EV 85.0 MPH)
|
Top of the 8th over - 0 runs, 1 hit, 0 errors, 1 left on base; Los Angeles 3 - Atlanta 7 |
BOTTOM OF THE 8TH |
Atlanta Braves batting - Pitching for Los Angeles Dodgers : RHP Chuck Porter
|
Pitching: RHP Robert Polinsky
|
|
Batting: LHB Joe L Morgan
|
0-0: Ball 1-0: Fly out, F7 (Flyball, 7, EV 89.4 MPH)
|
Batting: SHB Tony Fernandez
|
0-0: Called Strike 0-1: Swinging Strike 0-2: DOUBLE (Line Drive, 89D, EV 108.1 MPH)
|
Batting: LHB Karl Pagel
|
0-0: Ball 1-0: Foul Ball, location: 2F 1-1: Ball Tony Fernandez is caught stealing 3rd base 2-5 2-1: Foul Ball, location: 2F 2-2: Ball 3-2: DOUBLE (Flyball, 78XD, EV 107.5 MPH)
|
Batting: LHB Mike Scioscia
|
0-0: Ball 1-0: Fly out, F6 (Popup, 15, EV 81.9 MPH)
|
Bottom of the 8th over - 0 runs, 2 hits, 0 errors, 1 left on base; Los Angeles 3 - Atlanta 7 |
TOP OF THE 9TH |
Los Angeles Dodgers batting - Pitching for Atlanta Braves : LHP Scott McGregor
|
Batting: SHB Chris W Smith
|
0-0: Ball 1-0: Ball 2-0: Foul Ball, location: 2F 2-1: Called Strike 2-2: Foul Ball, location: 2F 2-2: Ball 3-2: Strikes out swinging
|
Batting: RHB Toby Harrah
|
0-0: Ball 1-0: Ball 2-0: Foul Ball, location: 2F 2-1: Fly out, F3 (Popup, 3F, EV 70.0 MPH)
|
Batting: RHB Thomas Franklin
|
0-0: Foul Ball, location: 2F 0-1: Foul Ball, location: 2F 0-2: Ball 1-2: SINGLE (Groundball, 4S, EV 75.6 MPH) (infield hit)
|
Batting: RHB Mike Shelton
|
0-0: Ball 1-0: Called Strike 1-1: Foul Ball, location: 2F 1-2: Ball 2-2: Foul Ball, location: 2F 2-2: Foul Ball, location: 2F 2-2: Ball 3-2: Ground out 6-3 (Groundball, 6, EV 88.8 MPH)
|
Top of the 9th over - 0 runs, 1 hit, 0 errors, 1 left on base; Los Angeles 3 - Atlanta 7 |
|
Monday, August 10th, 2020 - OOTP Baseball 21.5 Build 76
|
|